 Dungeon Crawl Stone Soup version 0.26-a0-712-ga5a9c9c9d0 (webtiles) character file.

Game seed: 12328334697108233439

6 Descartes the Sneak (level 1, 0/7 HPs)
             Began as a Felid Enchanter on Oct 31, 2020.
             Slain by a kobold (2 damage)
             ... on level 1 of the Dungeon.
             The game lasted 00:00:45 (370 turns).

Descartes the Sneak (Felid Enchanter)                Turns: 370, Time: 00:00:45

Health: 0/7        AC:  1    Str:  4    XL:     1   Next: 75%
Magic:  4/4        EV: 18    Int: 16    God:
Gold:   15         SH:  0    Dex: 16    Spells: 3/4 levels left
                                        Lives:  0   Deaths: 0

rFire    . . .     SeeInvis +     - Unarmed
rCold    . . .     Faith    .   (shield unavailable)
rNeg     . . .     Spirit   .   (armour unavailable)
rPois    .         Reflect  .   (helmet unavailable)
rElec    .         Harm     .   (cloak unavailable)
rCorr    .         Rampage  .   (gloves unavailable)
MR       .....                  (boots unavailable)
Stlth    +++.......             (no amulet)
HPRegen  0.02/turn              (no ring)
MPRegen  0.09/turn              (no ring)

@: quick
A: very small, no armour, no weapons or thrown items, stealth, claws 1, fangs 3,
see invisible, speed 1, shaggy fur 1, sharp paws
a: no special abilities


You were on level 1 of the Dungeon.
You visited 1 branch of the dungeon, and saw 1 of its levels.

You collected 15 gold pieces.

Inventory:

Missiles
 b - 5 stones
Potions
 a - a potion of heal wounds {unknown}


   Skills:
 - Level 2.6 Dodging
 + Level 4.7 Stealth
 - Level 1.0 Unarmed Combat
 - Level 2.0 Spellcasting
 - Level 4.4 Hexes


You had 3 spell levels left.
You knew the following spells:

 Your Spells              Type           Power        Failure   Level
a - Corona                Hex            ###....      3%          1

Your spell library contained the following spells:

 Spells                   Type           Power        Failure   Level
 Confusing Touch          Hex            ###.....     11%         3
 Tukima's Dance           Hex            ###.....     11%         3
 Ensorcelled Hibernation  Hex/Ice        #.....       13%         2
 Dazzling Flash           Conj/Hex       #.....       26%         3


Dungeon Overview and Level Annotations

Branches:
Dungeon (1/15)

Altars:


Innate Abilities, Weirdness & Mutations

You cannot wear armour.
You are incapable of wielding weapons or throwing items.
Your paws allow you to move quietly. (Stealth)
You have sharp claws.
You have razor-sharp teeth.
You have supernaturally acute eyesight. (SInv)
You cover ground quickly.
You are covered in fur. (AC +1)
Your sharp claws are effective at attacking unaware monsters.


Message History

The kobold throws a stone.
The stone barely misses you.
You hear a shout!
A hobgoblin comes into view. It is wielding a +0 club.
A kobold comes into view.
The kobold throws a stone.
The stone completely misses you.
The kobold throws a stone.
The stone hits you but does no damage.
You see here a stone.
You see here a bat skeleton.
You barely miss the kobold. The kobold hits you.
You barely miss the kobold. The kobold closely misses you.
You barely miss the kobold. Your bite misses the kobold.
The kobold hits you but does no damage.
You scratch the kobold but do no damage.
The kobold hits you.
Ouch! That really hurt!
* * * LOW HITPOINT WARNING * * *
You barely miss the kobold. The kobold misses you.
You scratch the kobold but do no damage.
The kobold hits you.
You die...

#.........##........#
#........g##.)......#
#.........##############
#........K# #.....#
#.........# ##.8[8.#
#.........# ##...8..#
#.........# ##...8.8.#
#........÷#####........#
#........gK@.#.⌠.⌠.###.#
############.#.....#.'.#
#.'..8..#<#.#
###.....#.+.#
#.⌠.⌠.###.# ##)....[..#
##...8.8.# ##...8..#
##.8.8.#


You could see a hobgoblin and a kobold.

Vanquished Creatures
  A dart slug (D:1)
  2 kobolds (D:1)
  A bat (D:1)
4 creatures vanquished.

Notes
Turn   | Place    | Note
-------+----------+-------------------------------------------
     0 | D:1      | Descartes the Felid Enchanter began the quest for the Orb.
     0 | D:1      | Reached XP level 1. HP: 7/7 MP: 4/4
   370 | D:1      | Slain by a kobold

Illustrated notes

Levels and vault maps discovered:
D:1:      ncdulo_halloftheorcs, layout_basic

Action                   || total
-------------------------++-------
Melee: Unarmed           ||    24
Armor: Skin              ||     3
Dodge: Dodged            ||    24

Table legend: (Time is in decaauts)
 A = Elapsed time spent in this place.
 B = Non-inter-level travel time spent in this place.
 C = Inter-level travel time spent in this place.
 D = Time resting spent in this place.
 E = Time spent auto-exploring this place.
 F = Levels seen in this place.
 G = Mean time per level.
                   A        B        C        D        E       F      G
               +--------+--------+--------+--------+--------+-----+--------+
         Total |    352 |    352 |      0 |    253 |     32 |   1 |  352.0 |
       Dungeon |    352 |    352 |      0 |    253 |     32 |   1 |  352.0 |
               +--------+--------+--------+--------+--------+-----+--------+

Top non-repeatable levels by time:
     D:1: 352 daAuts
